 Dungeon Crawl Stone Soup version 0.29.1-12-g30fa7ad0bf (webtiles) character file.

Game seed: 8103406415829777508

98 H0rd4k the Charlatan (level 4, -5/30 HPs)
             Began as an Octopode Artificer on Dec 13, 2022.
             Slain by an iguana (15 damage)
             ... on level 3 of the Dungeon.
             The game lasted 00:02:43 (3658 turns).

H0rd4k the Charlatan (Octopode Artificer)           Turns: 3658, Time: 00:02:44

Health: -5/30      AC:  1    Str: 11    XL:     4   Next: 69%
Magic:  7/7        EV: 13    Int: 15    God:
Gold:   235        SH:  0    Dex: 12    Spells: 7/7 levels left

rFire   . . .      SeeInvis .     - Unarmed
rCold   . . .      Faith    .   (no shield)
rNeg    + . .      Spirit   .   (helmet restricted)
rPois   .          Reflect  .   (no amulet)
rElec   .          Harm     .   n - ring of positive energy
rCorr   .          Rampage  .   (no ring)
Will    .....                   (no ring)
Stlth   +++.......              (no ring)
HPRegen 0.10/turn               (no ring)
MPRegen 0.10/turn               (no ring)
                                (no ring)
                                (no ring)

@: no status effects
A: almost no armour, amphibious, 8 rings, camouflage 1, gelatinous body 1,
(nimble swimmer 1), tentacles
a: no special abilities


You were on level 3 of the Dungeon.
You visited 1 branch of the dungeon, and saw 3 of its levels.

You collected 235 gold pieces.

Inventory:

Missiles
 q - 11 poisoned darts (quivered)
Magical Staves
 j - a staff of fire
Jewellery
 n - a ring of positive energy (left tentacle)
Wands
 b - a wand of flame (14)
 c - a wand of charming (14)
 d - a wand of iceblast (3)
Scrolls
 e - a scroll of silence {unknown}
 g - 2 scrolls of fog {unknown}
 i - a scroll of summoning {unknown}
 k - 2 scrolls of identify {unknown}
 l - 2 scrolls of enchant weapon {unknown}
 o - a scroll of poison {unknown}
 p - 3 scrolls of brand weapon {unknown}
Potions
 a - 3 potions of curing {unknown}
 f - 4 potions of attraction {unknown}
 h - a potion of ambrosia {unknown}
 m - a potion of haste {unknown}
 r - a potion of lignification {unknown}
 s - a potion of brilliance {unknown}


   Skills:
 * Level 2.5 Fighting
 - Level 2.3 Dodging
 - Level 1.3 Stealth
 + Level 1.9 Unarmed Combat
 * Level 2.2 Spellcasting
 - Level 3.2 Evocations


You had 7 spell levels left.
You didn't know any spells.
Your spell library was empty.

Dungeon Overview and Level Annotations

Branches:
Dungeon (3/15)

Altars:


Innate Abilities, Weirdness & Mutations

You cannot wear most types of armour.
You are amphibious.
You can wear up to eight rings at the same time.
Your skin changes colour to match your surroundings (Stealth+).
Your rubbery body absorbs attacks. (AC +1, EV +1)
((You are camouflaged when in or above water. (Stealth+)))
You have tentacles for arms and can constrict up to eight enemies at once.


Message History

An iguana is nearby!
An iguana is nearby!
An iguana is nearby!
You see here 5 gold pieces.
The helpless iguana fails to defend itself.
You tentacle-slap the iguana but do no damage.
Your grab misses the iguana. Your squeeze misses the iguana.
The iguana closely misses you.
You tentacle-slap the iguana but do no damage.
Your grab misses the iguana. The iguana completely misses you.
You closely miss the iguana. You grab the iguana.
You constrict the iguana, but do no damage.
The iguana bites you.
You tentacle-slap the iguana but do no damage.
You squeeze the iguana.
The iguana is lightly wounded.
You constrict the iguana, but do no damage.
The iguana misses you.
You tentacle-slap the iguana but do no damage.
The iguana is lightly wounded.
You constrict the iguana. The iguana bites you!
You are too injured to fight recklessly!
You are too injured to fight recklessly!
You are too injured to fight recklessly!
You are too injured to fight recklessly!
You are too injured to fight recklessly!
You are too injured to fight recklessly!
You are too injured to fight recklessly!
You are too injured to fight recklessly!
You are too injured to fight recklessly!
You are too injured to fight recklessly!
You are too injured to fight recklessly!
You are too injured to fight recklessly!
You are too injured to fight recklessly!
Aiming: Charm
Press: ? - help, Shift-Dir - straight line, f - iguana
Aim: an iguana (lightly wounded, constricted by you, chance to affect: 66%)
The iguana struggles to resist.
You constrict the iguana. The iguana bites you!
Ouch! That really hurt!
You die...

.# #...#.#.#.# .#
##...#.#.#.# .#
#..P..P#.#.# .#
#......#.#.# .#
#.P....#.#.# .#
#......#.#.# .#
####.PP.P.#.#.#
.###.........#.#$#
...........#.#.#@#
##...#########.#l#
##.#...........#.#
...#.###########.#
####.# ..# .....#
### .....# .....#
.###.#


You could see an iguana.

Vanquished Creatures
  Terence (D:2)
  3 adders
  A worm (D:2)
  An orc (D:3)
  2 endoplasms
  2 giant cockroaches (D:2)
  5 goblins
  5 hobgoblins
  2 quokkas
  4 ball pythons
  5 bats
  3 frilled lizards
  8 kobolds
42 creatures vanquished.

Vanquished Creatures (others)
  7 fungi (D:3)
  4 toadstools (D:3)
11 creatures vanquished.

Grand Total: 53 creatures vanquished

Notes
Turn   | Place    | Note
-------+----------+-------------------------------------------
     0 | D:1      | H0rd4k the Octopode Artificer began the quest for the Orb.
     0 | D:1      | Reached XP level 1. HP: 13/13 MP: 1/1
   892 | D:1      | Reached XP level 2. HP: 18/18 MP: 2/2
  1120 | D:1      | Reached skill level 1 in Spellcasting
  1708 | D:2      | Noticed Terence
  1717 | D:2      | Killed Terence
  1718 | D:2      | Reached skill level 1 in Unarmed Combat
  1718 | D:2      | Reached XP level 3. HP: 10/24 MP: 3/5
  2366 | D:2      | Reached XP level 4. HP: 27/30 MP: 6/6
  3658 | D:3      | Slain by an iguana

Illustrated notes

Levels and vault maps discovered:
D:1:      mrwooster_arrival_statue_3, layout_loops_corners, fountainhead,
          hangedman_decor_peaks_small
D:2:      layout_basic, uniq_terence
D:3:      layout_basic, ebering_ecumenical_altar_sacrificial,
          minmay_gold_behind_fungi, uniq_crazy_yiuf_cottage

Skill      XL: |  1  2  3  4 |
---------------+-------------+-----
Spellcasting   | 1 2 |  2.2
Fighting       | 2 |  2.5
Unarmed Combat | 1 |  1.9
Dodging        | |  2.3
Stealth        | |  1.3
Evocations     | |  3.2

Action                   |  1- 3 |  4- 6 || total
-------------------------+-------+-------++-------
Melee: Unarmed           |    50 |    58 ||   108
       Tentacles         |     8 |    11 ||    19
       Constrict         |    12 |    15 ||    27
       Punch             |       |     3 ||     3
Throw: Dart              |       |     2 ||     2
Evoke: Wand              |     3 |     1 ||     4
 Stab: Sleeping          |     4 |     6 ||    10
Armor: Skin              |     3 |     6 ||     9
Dodge: Dodged            |    24 |    34 ||    58
